 Dungeon Crawl Stone Soup version 0.16-a0-324-g99bef82 (webtiles) character file.

18 PolkaDot the Caller (level 2, 0/19 HPs)
             Began as a Vampire Summoner on Sept 3, 2014.
             Slain by an adder (2 damage)
             ... on Level 2 of the Dungeon.
             The game lasted 00:05:10 (1538 turns).

PolkaDot the Caller (Vampire Summoner)              Turns: 1538, Time: 00:05:10

HP   0/19        AC  2     Str  7      XL: 2   Next: 48%
MP   0/4         EV 12     Int 22      God:
Gold 85          SH  0     Dex 14      Spells:  2 memorised,  2 levels left

rFire  . . .     SeeInvis +     (no weapon)
rCold  . . .     Clarity  .     a - +0 robe
rNeg   . . .     rCorr    .     (no shield)
rPois  .         rRot     .     (no helmet)
rElec  .         Spirit   .     (no cloak)
SustAb .         Warding  .     (no gloves)
rMut   .         Stasis   .     (no boots)
Gourm  .                        c - amulet of rage
MR     .....                    (no ring)
                                (no ring)

@: brilliant, lethally poisoned, regenerating quickly, not resistant to hostile
enchantments, unstealthy
A: fangs 3, see invisible, unbreathing
a: Evoke Berserk Rage


You were on level 2 of the Dungeon.
You were very full.

You visited 1 branch of the dungeon, and saw 2 of its levels.

You collected 85 gold pieces.

Inventory:

Armour
 a - a +0 robe (worn)
Magical devices
 j - a wand of slowing (18) {unknown}
Scrolls
 d - a scroll of magic mapping {unknown}
 e - 2 scrolls of enchant armour {unknown}
 f - a scroll of remove curse {unknown}
 g - a scroll of identify {unknown}
Jewellery
 c - an amulet of rage (around neck)
Potions
 i - a potion of cancellation {unknown}
Books
 b - a book of Callings

   Spells                             Type                      Level
   *Summon Small Mammal               Summoning                    1
   *Call Imp                          Summoning                    2
   Call Canine Familiar               Summoning                    3
   Summon Guardian Golem              Hexes/Summoning              4
   Summon Lightning Spire             Summoning/Air                4
   Summon Ice Beast                   Ice/Summoning                4


   Skills:
 - Level 2.1 Dodging
 - Level 3.0 Stealth
 - Level 2.0 Spellcasting
 + Level 4.7 Summonings


You had 2 spell levels left.
You knew the following spells:

 Your Spells              Type           Power        Failure   Level  Hunger
a - Summon Small Mammal   Summ           ####         1%          1    #......
s - Call Imp              Summ           #####...     1%          2    ##.....


Dungeon Overview and Level Annotations

Branches:
Dungeon (2/15)

Altars:
Zin


Innate Abilities, Weirdness & Mutations

Your natural rate of healing is unusually fast.
You have razor-sharp teeth.
You have supernaturally acute eyesight.
You can survive without breathing.


Message History

* * * LOW HITPOINT WARNING * * *
You are more poisoned.
The adder poisons you!
Your rat closely misses the adder.
You closely miss the adder.
The adder is moderately wounded.
You feel sick. The adder closely misses you.
Your crimson imp hits the adder.
Your rat bites the adder.
You closely miss the adder.
The adder is severely wounded.
The adder bites you.
* * * LOW HITPOINT WARNING * * *
Your rat barely misses the adder.
Your crimson imp blinks!
Your rat completely misses the adder.
Drink which item? (? for menu, Esc to quit)
You feel clever all of a sudden.
It was a potion of brilliance.
* * * LOW HITPOINT WARNING * * *
You feel sick. The adder bites you.
You die...

.......#.#..#.###)###'###...###
..####.#.##.#.# #.# #.# .#
..####.#....#.###.###.###
..'...............'.._..+
..####.####.......####### ###
#.. .....#...# ###
########.#...#######
.......r§.........
......#S@#.......
....<#r(#....... .#.#
#..+....... . #..#......
#........ .5...... ..... ......
?..


You could see an adder, a friendly crimson imp and 2 friendly rats.

Vanquished Creatures
  2 hobgoblins (D:1)
  2 kobolds
  A ball python (D:2)
  3 bats
  2 giant newts (D:1)
  2 rats
12 creatures vanquished.

Vanquished Creatures (collateral kills)
  A bat (D:2)
  3 hobgoblins
  A giant gecko (D:1)
  3 goblins
  2 kobolds (D:1)
10 creatures vanquished.

Vanquished Creatures (others)
  3 bats
  A quokka (D:1)
4 creatures vanquished.

Grand Total: 26 creatures vanquished

Notes
Turn   | Place    | Note
--------------------------------------------------------------
     0 | D:1      | PolkaDot, the Vampire Summoner, began the quest for the Orb.
     0 | D:1      | Reached XP level 1. HP: 13/13 MP: 3/3
   869 | D:1      | Reached XP level 2. HP: 19/19 MP: 4/4
  1127 | D:1      | Learned a level 2 spell: Call Imp
  1510 | D:2      | Found a glowing silver altar of Zin.
  1538 | D:2      | Slain by an adder

Action                   || total
-------------------------++-------
Melee: Unarmed           ||    81
 Cast: Summon Small Mamm ||    30
       Call Imp          ||     1
  Use: Potion            ||     2
 Stab: Sleeping          ||     5
       Distracted        ||     1
  Eat: Corpse            ||    12
